Map: Blackburn LE

Players

CrazyTulip - Winner!

  • Race: Terran Terran
  • League: Platinum

soft

  • Race: Zerg Zerg
  • League: Diamond

VOD

Have the link to the VOD?

Description

Time

  • Played on: April 19, 2021, 2:04 p.m.
  • Length: 5:36
Show
View Real Time Build Order
Export as new Build Order

CrazyTulip Terran - Winner!

Build Orders: 2 Factory, Cyclone Opening 

Get SALT Encoding   

  12  0:00  SCV  
  13  0:12  SCV  
  14  0:21  Supply Depot  
  14  0:24  SCV  
  15  0:39  Supply Depot  
  15  0:42  SCV  
  16  0:52  Refinery  
  16  0:54  SCV  
  17  1:07  Barracks  
  17  1:08  SCV  
  18  1:20  Refinery, SCV  
  19  1:32  SCV  
  20  1:44  SCV  
  21  1:57  Factory, SCV  
  22  2:01  Barracks Tech Lab  
  22  2:06  Supply Depot  
  22  2:10  SCV  
  23  2:16  Factory  
  23  2:30  Orbital Command, Barracks Reactor  
  23  2:48  Cyclone  
  26  2:55  Supply Depot  
  26  2:56  SCV  
  27  3:03  Infernal Pre-Igniter  
  27  3:14  Hellion  
  27  3:15  Barracks Tech Lab  
  27  3:16  Hellion  
  31  3:24  Supply Depot  
  31  3:28  Cyclone  
  34  3:37  Hellion  
  34  3:38  Hellion  
  38  3:42  Concussive Shells  
  38  3:46  Marauder  
  40  3:49  Supply Depot  
  40  3:59  Hellion x2  
  44  4:09  Marauder  
  46  4:20  Cyclone  
  46  4:21  Hellion  
  51  4:26  Hellion  
  53  4:33  Supply Depot  
  51  4:50  Hellion x2  
  51  4:51  Marauder  
  53  5:02  Hellion  
  55  5:15  Hellion x2  
Show
View Real Time Build Order
Export as new Build Order

soft Zerg 

Build Orders: Hatch First, Zergling Baneling 

Get SALT Encoding   

  12  0:00  Drone  
  13  0:13  Overlord  
  13  0:22  Drone  
  14  0:32  Drone x2  
  16  0:49  Drone  
  17  1:01  Hatchery  
  16  1:05  Drone x2  
  18  1:18  Extractor  
  18  1:19  Spawning Pool  
  16  1:35  Drone x3  
  19  1:52  Drone  
  20  1:57  Overlord  
  20  2:07  Queen  
  22  2:19  Metabolic Boost  
  22  2:38  Queen, Hatchery  
  22  2:40  Drone x3  
  26  2:55  Baneling Nest  
  25  2:58  Drone  
  26  3:07  Drone  
  26  3:10  Zergling x6  
  30  3:25  Drone x2  
  32  3:27  Overlord  
  32  3:34  Overlord  
  32  3:35  Overlord  
  32  3:45  Overlord x3  
  32  3:54  Queen  
  34  3:59  Zergling x2  
  34  4:00  Zergling x14  
  42  4:16  Zergling x10  
  44  4:28  Baneling x10  
  44  4:30  Zergling x8  
  48  4:33  Drone  
  48  4:34  Drone  
  40  4:49  Zergling x12  
  42  4:56  Zergling x6  
  42  5:03  Zergling x8  
  45  5:13  Zergling x10  
Tags
 
Add a new tag
Caveats
  • Supply blocks, unpowered buildings, or Contaminate may cause inaccurate times.
  • Supply counts are checked every 10 seconds.